 Dungeon Sprint DCSS version 0.24.0 (webtiles) character file.

Game seed: 18334707756718759922, levelgen mode: deterministic

9 TheOrbIsALie the Ruffian (level 2, 0/16 HPs)
             Began as a Gargoyle Transmuter on May 8, 2020.
             Was an Initiate of Okawaru.
             Slain by a gnoll
             ... wielding a +0 spear
              (7 damage)
             ... in the Dungeon (Sprint VII: "The Pits").
             The game lasted 00:00:21 (68 turns).

TheOrbIsALie the Ruffian (Gargoyle Transmuter)        Turns: 68, Time: 00:00:21

Health: 0/16       AC:  4    Str: 13    XL:     2   Next: 16%
Magic:  4/5        EV: 12    Int: 13    God:    Okawaru [......]
Gold:   0          SH:  0    Dex: 10    Spells: 5/6 levels left

rFire    . . .     SeeInvis .     - Unarmed
rCold    . . .     Gourm    .   (no shield)
rNeg     + . .     Faith    .   b - +0 robe
rPois    ∞         Spirit   .   (no helmet)
rElec    +         Reflect  .   (no cloak)
rCorr    .         Harm     .   (no gloves)
MR       .....     NoTele   +   (boots currently unavailable)
Stlth    +.........             (no amulet)
HPRegen  0.05/turn              (no ring)
MPRegen  0.09/turn              (no ring)

@: appendage (expiring)
A: talons 3, negative energy resistance 1, electricity resistance, unbreathing,
petrification resistance, rot immunity, AC +2
a: End Transformation, Renounce Religion


You were in the Dungeon.
You worshipped Okawaru.
Okawaru was noncommittal.
You were not hungry.
You had grown temporary talons.
You visited 1 branch

Inventory:

Missiles
 a - 12 arrows
Armour
 b - a +0 robe (worn)
Scrolls
 j - a scroll of blinking
 k - 3 scrolls of remove curse
 l - 5 scrolls of amnesia
 m - a scroll of summoning
Potions
 c - 2 potions of invisibility
 e - a potion of curing
 f - a potion of heal wounds
 g - a potion of haste
 h - 4 potions of magic
 i - 3 potions of berserk rage
Comestibles
 d - 9 rations


   Skills:
 + Level 1.1 Fighting
 + Level 2.0 Dodging
 + Level 4.2 Unarmed Combat
 + Level 2.5 Spellcasting
 + Level 2.0 Transmutations


You had 5 spell levels left.
You knew the following spells:

 Your Spells              Type           Power        Failure   Level  Hunger
a - Beastly Appendage     Tmut           #.....       11%         1    #......

Your spell library contained the following spells:

 Spells                   Type           Power        Failure   Level  Hunger
 Sticks to Snakes         Tmut           #.......     16%         2    ###....
 Spider Form              Tmut/Pois      #.........   43%         3    ###....
 Ice Form                 Ice/Tmut       #.......     85%         4    #####..
 Blade Hands              Tmut           #.........   96%         5    ######.


Dungeon Overview and Level Annotations

Branches:
Dungeon (1/1)

Altars:
Ashenzari
Cheibriados
Dithmenos
Elyvilon
Fedhas
Gozag
Hepliaklqana
Kikubaaqudgha
Makhleb
Nemelex Xobeh
Okawaru
Qazlal
Ru
Sif Muna
Trog
Uskayaw
Vehumet
Wu Jian
Xom
Yredelemnul
Zin
The Shining One
Beogh
Jiyva
Lugonu


Innate Abilities, Weirdness & Mutations

You are resistant to torment.
Your stone body is resilient. (AC +2)
You are immune to poison.
You resist negative energy. (rN+)
You are resistant to electric shocks. (rElec)
You can survive without breathing.
You are immune to petrification.
You are immune to rotting.
You have claws for feet.


Message History

The gnoll closely misses you.
There is an open door here.
You closely miss the gnoll. The gnoll hits you but does no damage.
You hit the gnoll but do no damage. You claw the gnoll.
The gnoll is moderately wounded.
The gnoll hits you but does no damage.
You closely miss the gnoll.
The gnoll is moderately wounded.
The gnoll hits you with a +0 spear!
You closely miss the gnoll.
The gnoll is moderately wounded.
The gnoll closely misses you.
You hit the gnoll.
The gnoll is severely wounded.
Your transformation is almost over.
The gnoll completely misses you.
You barely miss the gnoll. Your kick misses the gnoll.
The gnoll is severely wounded.
The gnoll hits you with a +0 spear!
You die...

############
#_________.#
#_________.#
#_______...###########++
##########'##...........
#.?(.')))'.##......#..#
##########.##..........
#..........†'...........
+#####@#####......#..#.
#....g# #...........
#.....# ####'#####+
###+### #.......#
#.......# #.......#
#...<...# #.......#
#.......#


You could see a gnoll.

Vanquished Creatures
  A river rat (D)
  A frilled lizard (D)
2 creatures vanquished.

Notes
Turn   | Place    | Note
-------+----------+-------------------------------------------
     0 | D        | TheOrbIsALie the Gargoyle Transmuter began the quest for
                  | the Orb.
     0 | D        | Reached XP level 1. HP: 12/12 MP: 3/3
    14 | D        | Reached skill level 4 in Unarmed Combat
    14 | D        | Reached XP level 2. HP: 11/16 MP: 2/5
    40 | D        | Found a bloodstained altar of Trog.
    40 | D        | Found a shimmering blue altar of Sif Muna.
    40 | D        | Found a viscous altar of Jiyva.
    40 | D        | Found a hazy altar of Hepliaklqana.
    40 | D        | Found an opulent altar of Gozag.
    41 | D        | Found a glowing golden altar of the Shining One.
    41 | D        | Found a glowing silver altar of Zin.
    41 | D        | Found a basalt altar of Yredelemnul.
    41 | D        | Found a shimmering altar of Xom.
    41 | D        | Found an ornate altar of the Wu Jian Council.
    41 | D        | Found a sacrificial altar of Ru.
    41 | D        | Found a stormy altar of Qazlal.
    41 | D        | Found an iron altar of Okawaru.
    41 | D        | Found a sparkling altar of Nemelex Xobeh.
    41 | D        | Found a burning altar of Makhleb.
    41 | D        | Found a blossoming altar of Fedhas.
    41 | D        | Found a white marble altar of Elyvilon.
    41 | D        | Found a shadowy altar of Dithmenos.
    41 | D        | Found a snail-covered altar of Cheibriados.
    43 | D        | Found a radiant altar of Vehumet.
    43 | D        | Found a corrupted altar of Lugonu.
    43 | D        | Found a roughly hewn altar of Beogh.
    44 | D        | Found a hide-covered altar of Uskayaw.
    44 | D        | Found an ancient bone altar of Kikubaaqudgha.
    44 | D        | Found a shattered altar of Ashenzari.
    49 | D        | Became a worshipper of Warmaster Okawaru
    68 | D        | Slain by a gnoll

Levels and vault maps discovered:
D:        pitsprint [storerooms_1, entrance_room_1, metal_vault_5, armoury_1,
          mini_pit_1, grid_room_1, main_hall_1, silver_pit, the_coven_1,
          the_vestibule_1, steel_vault_4, golden_pit, hallway_of_sentries,
          crystal_vault_1, iron_vault_2, final_vault]
